 Dungeon Crawl Stone Soup version 0.28.0-45-g0d030f2227 (webtiles) character file.

Game seed: 16357275341356255376

2 Descartes the Sneak (level 1, 0/22 HPs)
             Began as a Troll Delver on Apr 13, 2022.
             Slain by an adder (1 damage)
             ... on level 5 of the Dungeon.
             The game lasted 00:00:17 (49 turns).

Descartes the Sneak (Troll Delver)                    Turns: 49, Time: 00:00:18

Health: 0/22       AC:  4    Str: 19    XL:     1   Next: 25%
Magic:  0/0        EV:  9    Int:  6    God:
Gold:   17         SH:  0    Dex: 11    Spells: 0/0 levels left

rFire   . . .      SeeInvis .     - Unarmed
rCold   . . .      Faith    .   (no shield)
rNeg    . . .      Spirit   .   a - +0 robe
rPois   .          Reflect  .   (helmet restricted)
rElec   .          Harm     .   (no cloak)
rCorr   .          Rampage  .   (gloves unavailable)
Will    .....                   (boots unavailable)
Stlth   +.........              (no amulet)
HPRegen 0.87/turn               (no ring)
MPRegen 0.07/turn               (no ring)

@: confused
A: large, unfitting armour, claws 3, regeneration 1, shaggy fur 1, tough skin 1
a: no special abilities


You were on level 5 of the Dungeon.
You visited 1 branch of the dungeon, and saw 1 of its levels.

You collected 17 gold pieces.

Inventory:

Armour
 a - a +0 robe (worn)
Wands
 f - a wand of digging (3)
Scrolls
 b - a scroll of fog
 c - a scroll of magic mapping
 d - a scroll of fear
 g - a scroll of torment {unknown}
 h - a scroll of teleportation {unknown}
Potions
 e - a potion of haste


   Skills:
 + Level 2.4 Fighting
 + Level 1.6 Dodging
 + Level 2.7 Stealth
 + Level 2.0 Unarmed Combat


You couldn't memorise any spells.
You didn't know any spells.
Your spell library was empty.

Dungeon Overview and Level Annotations

Branches:
Dungeon (5/15)
 Temple: D:4-7

Altars:


Innate Abilities, Weirdness & Mutations

You are too large for most types of armour.
You have claws for hands.
Your natural rate of healing is unusually fast.
You are covered in fur. (AC +1)
You have tough skin. (AC +1)


Message History

You kill the orc!
Unknown command.
A jackal comes into view.
The adder misses you.
You feel less confused.
The orc wizard hits you with a +0 dagger.
You barely miss the orc wizard. Something hits you but does no damage.
The orc wizard closely misses you.
A magic dart appears from out of thin air!
The magic dart hits you.
The jackal bites you but does no damage.
The orc priest closely misses you.
You see here 14 gold pieces.
The orc priest begins to cast a cantrip, but forgets the words!
The orc wizard gestures at you while chanting.
You are confused.
The jackal barks!
The jackal bites you.
You barely miss the orc wizard. The jackal barely misses you.
The adder bites you but does no damage. The jackal barely misses you.
The orc priest invokes the aid of Beogh against you.
Beogh smites you!
Ouch! That really hurt!
* * * LOW HITPOINT WARNING * * *
You closely miss the orc wizard. The adder bites you but does no damage.
The jackal bites you but does no damage.
The orc wizard hits you with a +0 dagger.
* * * LOW HITPOINT WARNING * * *
The jackal bites you but does no damage.
The adder bites you.
* * * LOW HITPOINT WARNING * * *
The jackal bites you but does no damage.
You bump into the rock wall.
The orc wizard hits you with a +0 dagger.
* * * LOW HITPOINT WARNING * * *
The jackal bites you.
* * * LOW HITPOINT WARNING * * *
The jackal bites you but does no damage.
The adder bites you.
You die...

.# ## #. #. #.# .## ## <#
#.# #.## ##.. #.## ##.#
#..##..# #. #..# #..##
#.....# #..###..##
#...###....#
.........####o..##....##
..........##h@.........# ..#
.......)..$ohSh........#...#
..........................#
!..(......................##
...........................#
......................#....#
......(.............###...##
..................#####..##
................## #...###


You could see an orc priest, an orc wizard, an adder and 3 jackals.

Vanquished Creatures
  An orc (D:5)
1 creature vanquished.

Notes
Turn   | Place    | Note
-------+----------+-------------------------------------------
     0 | D:5      | Descartes the Troll Delver began the quest for the Orb.
     0 | D:5      | Reached XP level 1. HP: 22/22 MP: 0/0
    30 | D:5      | Noticed an orc wizard
    30 | D:5      | Noticed an orc wizard
    33 | D:5      | Noticed an orc priest
    49 | D:5      | HP: 1/22 [jackal (2)]
    49 | D:5      | Slain by an adder

Illustrated notes

Levels and vault maps discovered:
D:5:      layout_layer_cave, mainiacjoe_overflow_surrounded_room

Action                   || total
-------------------------++-------
Melee: Unarmed           ||     4
Armor: Robe              ||     9
Dodge: Dodged            ||     5
